 Dungeon Crawl Stone Soup version 0.26.0-15-gc6cd9f700b (webtiles) character file.

Game seed: 14457038862528419108

963 lastplaneout the Gouger (level 7, -6/28 HPs)
             Began as a Felid Transmuter on Jan 17, 2021.
             Was an Initiate of Ru.
             Mangled by Prince Ribbit (18 damage)
             ... on level 6 of the Dungeon.
             The game lasted 00:14:04 (7080 turns).

lastplaneout the Gouger (Felid Transmuter)          Turns: 7080, Time: 00:14:05

Health: -6/28      AC:  2    Str:  8    XL:     7   Next: 92%
Magic:  10/11      EV: 18    Int: 15    God:    Ru [......]
Gold:   244        SH:  0    Dex: 16    Spells: 4/10 levels left
                                        Lives:  0   Deaths: 2

rFire    . . .     SeeInvis +     - Unarmed
rCold    . . .     Faith    .   (shield unavailable)
rNeg     . . .     Spirit   .   (armour unavailable)
rPois    .         Reflect  .   (helmet unavailable)
rElec    .         Harm     .   (cloak unavailable)
rCorr    .         Rampage  .   (gloves unavailable)
Will     +....                  (boots unavailable)
Stlth    ++........             o - amulet of regeneration
HPRegen  0.49/turn              q - ring of flight
MPRegen  0.12/turn              (no ring)

@: appendages, quick
A: very small, no armour, no weapons or thrown items, stealth, claws 1, fangs 3,
horns 2, see invisible, speed 1, shaggy fur 2, sharp paws
a: End Transformation, Renounce Religion, Evoke Flight


You were on level 6 of the Dungeon.
You worshipped Ru.
Ru was noncommittal.
You had grown temporary horns.
You visited 1 branch of the dungeon, and saw 6 of its levels.

You collected 244 gold pieces.

Inventory:

Jewellery
 i - an uncursed amulet of magic regeneration
 o - an amulet of regeneration (around neck)
 q - a ring of flight (left paw)
Scrolls
 a - 3 scrolls of remove curse {unknown}
 b - a scroll of enchant armour {unknown}
 f - a scroll of identify
 k - a scroll of amnesia {unknown}
 l - 2 scrolls of enchant weapon {unknown}
 n - 5 scrolls of teleportation {unknown}
 p - 2 scrolls of fear {unknown}
Potions
 c - a potion of attraction
 d - 4 potions of heal wounds
 e - a potion of haste
 g - a potion of mutation
 h - 3 potions of curing
 j - 2 potions of flight
 m - a potion of resistance {unknown}
 r - 2 potions of lignification
 s - a potion of ambrosia {unknown}


   Skills:
 - Level 1.0 Fighting
 - Level 2.6 Dodging
 + Level 9.6 Unarmed Combat
 - Level 2.0 Spellcasting
 + Level 6.0 Transmutations


You had 4 spell levels left.
You knew the following spells:

 Your Spells              Type           Power        Failure   Level
a - Beastly Appendage     Tmut           38%          1%          1
b - Wereblood             Tmut           19%          2%          2
c - Spider Form           Tmut/Pois      5%           19%         3

Your spell library contained the following spells:

 Spells                   Type           Power        Failure   Level
 Ice Form                 Ice/Tmut       10%          54%         4
 Blade Hands              Tmut           9%           45%         5


Dungeon Overview and Level Annotations

Branches:
Dungeon (6/15)
 Temple: D:4-7

Altars:
Dithmenos
Elyvilon
Fedhas
Gozag
Okawaru
Ru
Trog
Wu Jian
Yredelemnul
The Shining One

Annotations:
D:6 Prince Ribbit


Innate Abilities, Weirdness & Mutations

You cannot wear armour.
You are incapable of wielding weapons or throwing items.
Your paws allow you to move quietly. (Stealth)
You have sharp claws.
You have razor-sharp teeth.
You have supernaturally acute eyesight. (SInv)
You cover ground quickly.
You are covered in thick fur. (AC +2)
Your sharp claws are effective at attacking unaware monsters.
You have a pair of horns on your head.


Message History

Casting: Beastly Appendage (safe; 1% risk of failure)
Confirm with . or Enter, or press ? or * to list all spells.
You grow a pair of large bovine horns.
Prince Ribbit closely misses you.
You claw Prince Ribbit! You bite Prince Ribbit.
Prince Ribbit is moderately wounded.
Prince Ribbit completely misses you. Prince Ribbit hits you!
You barely miss Prince Ribbit.
Prince Ribbit is moderately wounded.
Prince Ribbit hits you!
You claw Prince Ribbit!
Prince Ribbit is heavily wounded.
Prince Ribbit misses you.
You closely miss Prince Ribbit.
Prince Ribbit is heavily wounded.
Prince Ribbit misses you.
You closely miss Prince Ribbit. Your headbutt misses Prince Ribbit.
Prince Ribbit is heavily wounded.
Prince Ribbit hits you!!
Ouch! That really hurt!
You die...

#...# #...# #...
####.####
#.......####
#.##.......#
#.##>##o##.#
#...<##F##.##
#######.##.##@....#
.....!........##..#
#..............#
#...._.........#
#..........##..###
.##.......##[.......
.....#.##.##<.#..##.
#.###.............#
# ####.....#.##.#


You could see Prince Ribbit and an orc.

Vanquished Creatures
  4 ogres
  A phantom (D:5)
  A centaur (D:4)
  A bullfrog (D:6)
  3 scorpions
  A howler monkey (D:5)
  2 orc priests
  A centaur skeleton (D:4)
  4 hounds
  A jelly (D:5)
  2 iguanas
  Natasha (thrice) (D:4)
  An orc wizard (D:4)
  4 worker ants
  A worker ant zombie (D:5)
  2 gnolls
  A howler monkey skeleton (D:5)
  4 adders
  A white imp (D:5)
  An adder skeleton (D:4)
  4 worms
  2 dart slugs
  3 leopard geckos
  16 orcs
  2 ball pythons
  3 giant cockroaches
  4 goblins
  10 hobgoblins
  6 jackals
  12 kobolds
  5 quokkas
  4 bats
  3 frilled lizards
  2 leopard gecko skeletons (D:4)
  A quokka zombie (D:5)
  9 rats
125 creatures vanquished.

Notes
Turn   | Place    | Note
-------+----------+-------------------------------------------
     0 | D:1      | lastplaneout the Felid Transmuter began the quest for the
                  | Orb.
     0 | D:1      | Reached XP level 1. HP: 9/9 MP: 4/4
   335 | D:1      | Reached XP level 2. HP: 3/12 MP: 6/6
   598 | D:1      | Learned a level 2 spell: Wereblood
   946 | D:1      | Reached XP level 3. HP: 6/15 MP: 7/7
   949 | D:1      | Reached skill level 4 in Unarmed Combat
  1124 | D:1      | Learned a level 3 spell: Spider Form
  2012 | D:2      | Found an opulent altar of Gozag.
  2719 | D:1      | Reached XP level 4. HP: 14/19 MP: 6/8
  4313 | D:3      | Reached skill level 5 in Unarmed Combat
  4977 | D:3      | Noticed an ogre
  4993 | D:3      | Killed an ogre
  4994 | D:3      | Reached XP level 5. HP: 10/22 MP: 6/9
  5395 | D:4      | Reached skill level 6 in Unarmed Combat
  5395 | D:4      | Gained mutation: You are covered in thick fur. (AC +2)
                  | [Felid growth]
  5395 | D:4      | Reached XP level 6. HP: 17/25 MP: 8/10
  5448 | D:4      | Found a sacrificial altar of Ru.
  5448 | D:4      | Found a glowing golden altar of the Shining One.
  5449 | D:4      | Found a shadowy altar of Dithmenos.
  5449 | D:4      | Found a blossoming altar of Fedhas.
  5478 | D:4      | Noticed Natasha
  5489 | D:4      | Slain by Natasha
  5490 | D:4      | Reached XP level 5. HP: 0/22 MP: 9/9
  5514 | D:4      | Noticed an ogre
  5530 | D:4      | Killed an ogre
  5536 | D:4      | Reached XP level 6. HP: 24/25 MP: 10/10
  5572 | D:4      | Reached skill level 7 in Unarmed Combat
  5646 | D:4      | Found an ornate altar of the Wu Jian Council.
  5659 | D:4      | Found a bloodstained altar of Trog.
  5660 | D:4      | Found an iron altar of Okawaru.
  5790 | D:4      | Killed Natasha
  5841 | D:4      | Became a worshipper of Ru the Awakened
  5897 | D:4      | Noticed Natasha
  5904 | D:4      | Killed Natasha
  5973 | D:4      | Noticed Natasha
  5984 | D:4      | Killed Natasha
  6000 | D:5      | Entered Level 5 of the Dungeon
  6014 | D:4      | Reached skill level 5 in Transmutations
  6014 | D:4      | Reached XP level 7. HP: 12/28 MP: 9/11
  6075 | D:4      | Reached skill level 8 in Unarmed Combat
  6193 | D:5      | Mangled by an ogre
  6194 | D:5      | Reached XP level 6. HP: -10/25 MP: 10/10
  6221 | D:5      | Found a sacrificial altar of Ru.
  6304 | D:5      | Found a white marble altar of Elyvilon.
  6323 | D:5      | Reached XP level 7. HP: 17/28 MP: 11/11
  6539 | D:5      | Found a basalt altar of Yredelemnul.
  6552 | D:5      | Reached skill level 9 in Unarmed Combat
  6965 | D:6      | Found an ornate altar of the Wu Jian Council.
  7066 | D:6      | Noticed Prince Ribbit
  7080 | D:6      | Mangled by Prince Ribbit

Illustrated notes

Levels and vault maps discovered:
D:1:      minmay_arrival_split_and_join, layout_basic, minmay_3d_cube
D:2:      minmay_diamond_boxcup, layout_rooms, grunt_gozag_statues
D:3:      layout_loops_ring
D:4:      layout_rooms, grunt_temple_overflow_bloody_war,
          pdpol_wu_jian_five_deadly_venoms,
          chequers_temple_overflow_statue_of_worship, uniq_natasha
D:5:      layout_rooms, hangedman_feature_mirror,
          nicolae_ru_sacrificial_ziggurat
D:6:      layout_loops_cross, basic_altar, uniq_prince_ribbit1

Skill      XL: |  1  2  3  4  5  6  7 |
---------------+----------------------+-----
Unarmed Combat | 4 5 6 7 9 |  9.6
Transmutations | 3 4 5 6 |  6.0
Fighting       | |  1.0
Dodging        | |  2.6
Spellcasting   | |  2.0

Action                   |  1- 3 |  4- 6 |  7- 9 || total
-------------------------+-------+-------+-------++-------
Melee: Unarmed           |   120 |   243 |   102 ||   465
       Headbutt          |    13 |    31 |    12 ||    56
       Bite              |     6 |    22 |    12 ||    40
       Punch             |     3 |     2 |     6 ||    11
 Cast: Beastly Appendage |    21 |    29 |    16 ||    66
       Wereblood         |       |     1 |       ||     1
  Use: Potion            |     1 |       |       ||     1
       Scroll            |       |     1 |     5 ||     6
 Stab: Sleeping          |     1 |     2 |     1 ||     4
Armor: Skin              |     7 |    10 |     1 ||    18
Dodge: Dodged            |    95 |   174 |    79 ||   348
